 Dungeon Crawl Stone Soup version 0.30.0-19-g36f170ea60 (webtiles) character file.

Game seed: 12257893169607464979

640 Graphine the Trooper (level 7, -10/62 HPs)
             Began as a Hill Orc Fighter on May 29, 2023.
             Mangled by a bone dragon (12 damage)
             ... on level 1 of the Abyss.
             The game lasted 00:07:51 (2624 turns).

Graphine the Trooper (Hill Orc Fighter)             Turns: 2624, Time: 00:07:52

Health: -10/62     AC: 12    Str: 19 (21) XL:     7   Next: 51%
Magic:  7/7        EV:  4    Int:  6 (8)  God:
Gold:   192        SH:  8    Dex:  9 (10) Spells: 6/6 levels left

rFire   . . .        u - +2 hand axe (flame)
rCold   . . .        e - +0 kite shield
rNeg    . . .        i - +0 plate armour
rPois   .            (no helmet)
rElec   .            (no cloak)
rCorr   .            (no gloves)
SInv    .            (no boots)
Will    +....        (no amulet) Stlth
                     n - ring of willpower
HPRegen 0.30/turn    (no ring)
MPRegen 0.10/turn

%: no passive effects
@: no status effects
A: no striking features
a: no special abilities


You were on level 1 of the Abyss.
You visited 1 branch of the dungeon, and saw 4 of its levels.
You visited the Abyss 1 time.

You collected 192 gold pieces.

Inventory:

Hand Weapons
 a - a +0 war axe
 q - a +0 hand axe of electrocution
 u - a +2 hand axe of flaming (weapon)
Missiles
 f - 3 javelins (quivered)
Armour
 c - a +0 buckler
 e - a +0 kite shield (worn)
 i - a +0 plate armour (worn)
Magical Staves
 s - a staff of death
Jewellery
 n - a ring of willpower (left hand)
 p - an amulet of faith
Scrolls
 b - a scroll of noise {unknown}
 k - a scroll of vulnerability {unknown}
 m - 2 scrolls of magic mapping {unknown}
 o - a scroll of butterflies {unknown}
 r - 2 scrolls of teleportation
 t - 2 scrolls of blinking {unknown}
 v - a scroll of immolation
Potions
 d - 2 potions of might
 g - 2 potions of ambrosia
 h - 2 potions of curing {unknown}
 j - 3 potions of degeneration
 l - a potion of lignification {unknown}


   Skills:
 * Level 5.9 Fighting
 * Level 5.7 Axes
 * Level 5.4 Armour
 * Level 5.4 Shields


You had 6 spell levels left.
You didn't know any spells.
Your spell library contained the following spells:

 Spells                   Type           Power      Damage    Failure   Level
 Slow                     Hex            0%         N/A       100%        1
 Confusing Touch          Hex            0%         N/A       100%        3
 Gell's Gravitas          Tloc           0%         N/A       100%        3
 Teleport Other           Tloc           0%         N/A       100%        3
 Vampiric Draining        Necr           0%         2d6       100%        3
 Summon Forest            Summ/Tloc      0%         N/A       100%        5
 Summon Mana Viper        Hex/Summ       0%         N/A       100%        5
 Dispersal                Tloc           0%         N/A       100%        6
 Storm Form               Tmut/Air       0%         N/A       100%        7


Dungeon Overview and Level Annotations

Branches:
Dungeon (4/15)
 Temple: D:4-7

Altars:

Shops:
D:3 [

Portals:
Abyss: D:4

Annotations:
D:4 1 transporter


Message History

The kobold brigand is heavily wounded.
You block the kobold brigand's attack.
The kobold brigand hits you with a +0 whip of distortion.
Space warps horribly around you!!
* * * LOW HITPOINT WARNING * * *
It was a potion of degeneration.
There was something very wrong with that liquid.
You feel weakened.
You feel dopey.
You feel clumsy.
The kobold brigand hits you with a +0 whip of distortion.
* * * LOW HITPOINT WARNING * * *
You hit the kobold brigand. You burn the kobold brigand.
The kobold brigand is severely wounded.
You block the kobold brigand's attack.
You hit the kobold brigand. You burn the kobold brigand.
The kobold brigand is almost dead.
The kobold brigand hits you but does no damage.
You are cast into the Abyss!
This branch contains the abyssal rune of Zot.
A bone dragon emerges from the beyond.
You are too injured to fight recklessly!
You are too injured to fight recklessly!
You slash the bone dragon! You burn the bone dragon.
The bone dragon is lightly damaged.
The bone dragon bites you. The bone dragon completely misses you.
The bone dragon tramples you.
You stumble backwards!
You hit the bone dragon but do no damage.
The bone dragon is lightly damaged.
The bone dragon bites you.
* * * LOW HITPOINT WARNING * * *
The bone dragon claws you.
* * * LOW HITPOINT WARNING * * *
The bone dragon tramples you!
* * * LOW HITPOINT WARNING * * *
You stumble backwards!
You hit the bone dragon but do no damage.
The bone dragon is lightly damaged.
The bone dragon bites you but does no damage.
The bone dragon claws you but does no damage.
The bone dragon tramples you!
You die...

. .. ##. #
#.### ....
.. ∩.#.#..
##.....#
#@### #.D.#
##..#
#.#.......
......#....
....##.##
#.
......###§
....# #.
..### #.


You could see a bone dragon.

Vanquished Creatures
  Menkaure (D:4)
  The ghost of ebbelito1337 the Shield-Bearer, an amateur TrFi (D:4)
  A scorpion (D:4)
  2 small abominations (D:4)
  A hound (D:4)
  Terence (D:2)
  Natasha (D:4)
  4 gnolls (D:4)
  5 adders
  2 white imps (D:4)
  An ufetubus (D:4)
  A worm (D:3)
  3 dart slugs
  13 orcs
  2 bats (D:2)
  6 endoplasms
  3 giant cockroaches
  6 goblins
  4 hobgoblins
  6 jackals (D:3)
  2 quokkas
  8 ball pythons
  3 kobolds
  4 rats
81 creatures vanquished.

Notes
Turn   | Place    | Note
-------+----------+-------------------------------------------
     0 | D:1      | Graphine the Hill Orc Fighter began the quest for the Orb.
     0 | D:1      | Reached XP level 1. HP: 19/19 MP: 1/1
   118 | D:1      | Reached XP level 2. HP: 26/27 MP: 2/2
   370 | D:1      | Got the Meditations on Invitation and Ceraunoscopy
  1226 | D:2      | Noticed Terence
  1234 | D:2      | Killed Terence
  1235 | D:2      | Reached XP level 3. HP: 26/33 MP: 3/3
  1663 | D:3      | Reached XP level 4. HP: 33/40 MP: 4/4
  1867 | D:3      | Reached XP level 5. HP: 44/47 MP: 5/5
  2065 | D:3      | Found Zogig's Armour Emporium.
  2159 | D:4      | Noticed Menkaure
  2166 | D:4      | Killed Menkaure
  2167 | D:4      | Reached skill level 5 in Fighting
  2167 | D:4      | Reached XP level 6. HP: 52/56 MP: 6/6
  2347 | D:4      | Reached skill level 5 in Axes
  2347 | D:4      | Reached skill level 5 in Armour
  2397 | D:4      | Identified the +5 dagger "Grim" {venom, rElec}
  2405 | D:4      | Noticed Natasha
  2409 | D:4      | Reached skill level 5 in Shields
  2419 | D:4      | Killed Natasha
  2420 | D:4      | Reached XP level 7. HP: 57/61 MP: 7/7
  2465 | D:4      | Found a transporter.
  2483 | D:4      | Noticed ebbelito1337's ghost (amateur TrFi)
  2489 | D:4      | Killed ebbelito1337's ghost
  2490 | D:4      | Found a one-way gate to the infinite horrors of the Abyss.
  2505 | D:4      | Found a transporter.
  2566 | Abyss:1  | Cast into level 1 of the Abyss (kobold brigand)
  2620 | Abyss:1  | Noticed a bone dragon
  2623 | Abyss:1  | HP: 2/62 [bone dragon (11)]
  2624 | Abyss:1  | Mangled by a bone dragon

Illustrated notes

Levels and vault maps discovered:
D:1:      giann_bridges, layout_loops_corners
D:2:      layout_loops_cross, uniq_terence
D:3:      layout_rooms, serial_shops, shop_statue
D:4:      layout_rooms, gammafunk_ghost_abyssal_escape,
          amcnicky_mini_pool_small, uniq_natasha, uniq_menkaure
Abyss:1:  base:
Temple

Skill      XL: |  1  2  3  4  5  6 |
---------------+-------------------+-----
Axes           | 3 4 5 |  5.7
Fighting       | 4 5 |  5.9
Shields        | 4 5 |  5.4
Armour         | 4 5 |  5.4

Action                     |  1- 3 |  4- 6 |  7- 9 || total
---------------------------+-------+-------+-------++-------
  Melee: War axe           |    70 |    54 |       ||   124
         Hand axe          |       |    62 |    36 ||    98
    Use: Scroll            |     4 |       |       ||     4
         Potion            |       |     1 |     4 ||     5
 Armour: Scale mail        |    11 |       |       ||    11
         Plate armour      |    42 |    77 |    12 ||   131
  Dodge: Dodged            |    19 |    26 |     5 ||    50
  Block: Buckler           |     9 |       |       ||     9
         Kite shield       |    22 |    66 |     9 ||    97
